 Dungeon Crawl Stone Soup version 0.30.0-5-g1a98f26d00 (webtiles) character file.

Game seed: 1443337913549651011

170 PublicDefender the Shield-Bearer (level 5, -3/42 HPs)
             Began as a Formicid Fighter on May 10, 2023.
             Slain by Grinder (4 damage)
             ... on level 3 of the Dungeon.
             The game lasted 00:02:22 (2186 turns).

PublicDefender the Shield-Bearer (Formicid Fighter) Turns: 2186, Time: 00:02:22

Health: -3/42      AC:  7    Str: 22    XL:     5   Next: 80%
Magic:  5/5        EV:  9    Int:  8    God:
Gold:   149        SH:  5    Dex: 13    Spells: 4/4 levels left

rFire   . . .        a - +0 war axe
rCold   . . .        c - +0 buckler
rNeg    . . .        b - +0 scale mail
rPois   .            (helmet unavailable)
rElec   .            (no cloak)
rCorr   .            (no gloves)
SInv    +            (no boots)
Will    .....        (no amulet) Stlth
                     (no ring)
HPRegen 0.27/turn    (no ring)
MPRegen 0.09/turn

%: no passive effects
@: no status effects
A: permanent stasis, dig shafts and tunnels, antennae 3, four strong arms
a: Dig, Shaft Self


You were on level 3 of the Dungeon.
You visited 1 branch of the dungeon, and saw 3 of its levels.

You collected 149 gold pieces.

Inventory:

Hand Weapons
 a - a +0 war axe (weapon)
Armour
 b - a +0 scale mail (worn)
 c - a +0 buckler (worn)
Scrolls
 e - a scroll of fear {unknown}
 f - 2 scrolls of immolation {unknown}
 h - 2 scrolls of identify {unknown}
 i - a scroll of teleportation {unknown}
 j - 2 scrolls of fog {unknown}
 k - a scroll of acquirement {unknown}
 m - a scroll of enchant weapon {unknown}
 n - a scroll of magic mapping {unknown}
 q - a scroll of noise {unknown}
 r - a scroll of torment {unknown}
Potions
 d - a potion of might
 g - a potion of invisibility {unknown}
 l - 2 potions of curing {unknown}
 o - a potion of mutation {unknown}
 p - 2 potions of ambrosia {unknown}
 s - a potion of heal wounds {unknown}


   Skills:
 + Level 4.0 Fighting
 + Level 4.3 Axes
 + Level 3.8 Armour
 + Level 0.3 Dodging
 + Level 4.6 Shields


You had 4 spell levels left.
You didn't know any spells.
Your spell library was empty.

Dungeon Overview and Level Annotations

Branches:
Dungeon (3/15)

Altars:

Annotations:
D:3 Grinder


Innate Abilities, Weirdness & Mutations

You cannot be hasted, slowed, berserked, paralysed or teleported.
You can dig through walls and to a lower floor.
You have a pair of large antennae on your head. (SInv)
Your four strong arms can wield two-handed weapons with a shield.


Message History

Grinder gestures at you.
Your stasis prevents you from being paralysed.
Grinder blinks!
Grinder blinks!
Things that are here:
a +0 war axe; an orc corpse
Found 4 stones.
Found a scroll labelled RITHELEMEI.
You barely miss Grinder.
Grinder is moderately wounded.
Grinder barely misses you. x2
You slash Grinder!
Grinder is heavily wounded.
You block Grinder's attack.
You hit Grinder.
Grinder is heavily wounded.
Grinder hits you but does no damage.
You closely miss Grinder.
Grinder is heavily wounded.
Grinder hits you but does no damage.
Grinder blinks!
Grinder gestures at you. Pain shoots through your body!
Grinder gestures at you. Pain shoots through your body!
* * * LOW HITPOINT WARNING * * *
Grinder gestures at you.
You struggle to resist.
You barely miss Grinder.
Grinder is heavily wounded.
Grinder blinks!
Grinder gestures at you. Pain shoots through your body!
* * * LOW HITPOINT WARNING * * *
Grinder hits you but does no damage. Grinder gestures at you.
Pain shoots through your body!
* * * LOW HITPOINT WARNING * * *
Grinder barely misses you. Grinder hits you.
You die...

.### .# #.... ..# ....
#.# #.#.###.# #.#..##.#
###..#.##.# #
..........##### #
#.#.@....(.#
#############...5.....?#
.......$....)..##......#
.################......#
..........# ##..####
..........# ##..#
..........# #..#
...)).....# #.#
..[.......# .#


You could see Grinder.

Vanquished Creatures
  Jessica (D:3)
  Natasha (thrice) (D:2)
  2 adders
  A worm (D:2)
  4 orcs (D:3)
  4 endoplasms
  A giant cockroach (D:3)
  4 goblins
  4 hobgoblins
  5 quokkas (D:1)
  3 ball pythons
  3 bats
  5 frilled lizards
  A kobold (D:2)
  3 rats
44 creatures vanquished.

Notes
Turn   | Place    | Note
-------+----------+-------------------------------------------
     0 | D:1      | PublicDefender the Formicid Fighter began the quest for the
                  | Orb.
     0 | D:1      | Reached XP level 1. HP: 18/18 MP: 1/1
   197 | D:1      | Reached XP level 2. HP: 24/24 MP: 2/2
  1116 | D:2      | Reached XP level 3. HP: 30/30 MP: 3/3
  1379 | D:2      | Noticed Natasha
  1388 | D:2      | Killed Natasha
  1389 | D:2      | Reached XP level 4. HP: 25/37 MP: 4/4
  1623 | D:2      | Noticed Natasha
  1629 | D:2      | Killed Natasha
  1672 | D:2      | Noticed Natasha
  1683 | D:2      | Killed Natasha
  1684 | D:2      | Reached XP level 5. HP: 26/42 MP: 5/5
  1889 | D:3      | Noticed Jessica
  1897 | D:3      | Killed Jessica
  2129 | D:3      | Noticed Grinder
  2184 | D:3      | HP: 1/42 [Grinder/nerve-wracking pain (3)]
  2186 | D:3      | Slain by Grinder

Illustrated notes

Levels and vault maps discovered:
D:1:      minmay_arrival_floating_metal, layout_basic
D:2:      layout_basic, uniq_natasha
D:3:      layout_rooms, mainiacjoe_overflow_catwalk,
          minmay_misc_feat_more_columns, uniq_grinder, uniq_jessica

Skill      XL: |  1  2  3  4  5 |
---------------+----------------+-----
Axes           | 3 4 |  4.3
Fighting       | 4 |  4.0
Armour         | |  3.8
Dodging        | |  0.3
Shields        | |  4.6

Action                     |  1- 3 |  4- 6 || total
---------------------------+-------+-------++-------
  Melee: War axe           |    82 |    56 ||   138
 Armour: Scale mail        |    31 |    27 ||    58
  Dodge: Dodged            |    38 |    25 ||    63
  Block: Buckler           |    24 |    11 ||    35
